 Dungeon Crawl Stone Soup version 0.21.1-1-g345015f (webtiles) character file.

233 Merlin the Cudgeler (level 5, -3/42 HPs)
             Began as a Demonspawn Chaos Knight on June 18, 2018.
             Slain by an ogre
             ... wielding a +0 giant club
              (9 damage)
             ... on level 4 of the Dungeon.
             The game lasted 00:14:31 (1824 turns).

Merlin the Cudgeler (Demonspawn Chaos Knight)       Turns: 1824, Time: 00:14:32

Health: -3/42      AC: 11    Str: 12    XL:     5   Next: 75%
Magic:  14/14      EV:  9    Int: 13    God:    Xom [.*....]
Gold:   125        SH:  0    Dex: 14    Spells: 4/4 levels left

rFire    . . .     SeeInvis .   a - +1 mace (chaos)
rCold    . . .     Gourm    .   (no shield)
rNeg     . . .     Faith    .   s - +4 scale mail {rPois}
rPois    +         Spirit   .   i - +0 helmet
rElec    .         Reflect  .   (no cloak)
rCorr    .         Harm     .   (no gloves)
MR       .....                  (no boots)
Stlth    ..........             h - amulet of regeneration
HPRegen  0.54/turn              j - ring of magical power
MPRegen  0.14/turn              (no ring)

@: no status effects
A: claws 2, powered by death 1
a: Renounce Religion


You were on level 4 of the Dungeon.
You worshipped Xom.
You were a plaything of Xom.
You were not hungry.

You visited 1 branch of the dungeon, and saw 5 of its levels.

You collected 125 gold pieces.

Inventory:

Hand Weapons
 a - a +1 mace of chaos (weapon)
 g - a +0 hand axe
 l - a +0 battleaxe
 r - a +0 mace
Missiles
 e - 65 sling bullets
Armour
 b - a +2 leather armour
 i - a +0 helmet (worn)
 s - a +4 scale mail of poison resistance (worn)
Jewellery
 h - an amulet of regeneration (around neck)
 j - a ring of magical power (left claw)
Scrolls
 d - a scroll of identify
 m - a scroll of enchant armour {unknown}
 n - a scroll of amnesia {unknown}
 q - a scroll of teleportation {unknown}
 u - a scroll of fear {unknown}
Potions
 f - 2 potions of heal wounds {unknown}
 o - a potion of curing
Comestibles
 c - 7 rations
 p - 8 chunks of flesh


   Skills:
 + Level 3.7 Fighting
 + Level 4.9 Maces & Flails
 + Level 2.5 Armour
 + Level 1.7 Dodging
 + Level 0.3 Stealth


You had 4 spell levels left.
You didn't know any spells.

Dungeon Overview and Level Annotations

Branches:
Dungeon (5/15)             Temple (0/1) D:5

Altars:
Wu Jian
The Shining One


Innate Abilities, Weirdness & Mutations

You have very sharp fingernails.
You regenerate a little health from kills.


Message History

You kill the gnoll!
Things that are here:
a spear; a gnoll corpse An ogre comes into view.
It is wielding a giant club.
The ogre shouts!
You see here a ration.
c - 7 rations (gained 1)
You see here a chain mail.
The ogre barely misses you.
You sock the ogre! You burn the ogre.
The ogre is heavily wounded.
You hear the quick hiss of a very distant avalanche of sand.
The ogre hits you with a giant club!
Your gnoll zombie hits the ogre with a club.
You hit the ogre.
The ogre flickers and vanishes!
Something hits you.
You hit something but do no damage.
Nothing appears to happen.
Something hits you!
* * * LOW HITPOINT WARNING * * *
Something hits you!
You die...

, ** * , #.....# , , ,
#.....# * ,,,,,
,#.....# * ,, ,,
,+.....# #### , , *
#.....# ..>. ,
#####.....# *....
,,,#.........######....
,
,,#..@.[..............
,#....Z.†))...>...... *
+................... *
#...................
,#.....####..........
,,#.....# #######.... ,
#.....# #....#.... *
,#.....# #>...#.... * ,
#.....# #....#....


You could see a friendly gnoll zombie.

Vanquished Creatures
  A crimson imp (D:5)
  A centaur skeleton (D:4)
  Terence (D:3)
  A worker ant (D:5)
  3 gnolls (D:4)
  4 adders
  An adder skeleton (D:5)
  2 dart slugs (D:2)
  A leopard gecko (D:2)
  5 orcs
  3 giant cockroaches
  5 hobgoblins
  7 jackals
  2 frilled lizards
  6 kobolds
  6 rats
49 creatures vanquished.

Notes
Turn   | Place    | Note
-------+----------+-------------------------------------------
     0 | D:1      | Merlin the Demonspawn Chaos Knight began the quest for the Orb.
     0 | D:1      | Reached XP level 1. HP: 18/18 MP: 1/1
    30 | D:1      | XOM: harmless Necr miscast
    43 | D:1      | XOM: harmless Tmut miscast
    86 | D:1      | Reached skill level 3 in Maces & Flails
    91 | D:1      | Gained mutation: You have sharp fingernails. [demonic ancestry]
    91 | D:1      | Reached XP level 2. HP: 10/24 MP: 2/2
   420 | D:1      | You fall through a shaft!
   458 | D:2      | XOM: silly message
   524 | D:2      | Reached skill level 1 in Dodging
   524 | D:2      | Gained mutation: You regenerate a little health from kills. [demonic ancestry]
   524 | D:2      | Reached XP level 3. HP: 18/29 MP: 3/3
  1094 | D:3      | Reached skill level 4 in Maces & Flails
  1094 | D:3      | Gained mutation: You have very sharp fingernails. [demonic ancestry]
  1094 | D:3      | Reached XP level 4. HP: 31/35 MP: 4/4
  1189 | D:3      | Found a glowing golden altar of the Shining One.
  1269 | D:3      | Noticed Terence
  1291 | D:3      | Killed Terence
  1305 | D:3      | XOM: silly message
  1432 | D:4      | XOM: harmless Tmut miscast
  1441 | D:4      | XOM: blink monster(s)
  1450 | D:4      | XOM: divination: magic mapping
  1455 | D:4      | XOM: mild Conj miscast
  1464 | D:5      | Entered Level 5 of the Dungeon
  1481 | D:5      | Reached XP level 5. HP: 20/41 MP: 5/5
  1573 | D:5      | Found an ornate altar of the Wu Jian Council.
  1577 | D:5      | Found a glowing golden altar of the Shining One.
  1657 | D:5      | Found a staircase to the Ecumenical Temple.
  1671 | D:5      | XOM: summons friendly iron imp
  1813 | D:4      | Noticed an ogre
  1824 | D:4      | Slain by an ogre

Skill      XL: |  1  2  3 |
---------------+----------+-----
Maces & Flails | 3 4 |  4.9
Dodging        | 1 |  1.7
Armour         | 2 |  2.5
Fighting       | |  3.7
Stealth        | |  0.3

Action                   |  1- 3 |  4- 6 || total
-------------------------+-------+-------++-------
Melee: Mace              |   114 |    89 ||   203
  Use: Scroll            |     2 |     4 ||     6
       Potion            |       |     2 ||     2
  Eat: Chunk             |       |     3 ||     3
Armor: Leather armour    |    58 |     1 ||    59
       Scale mail        |       |    43 ||    43
Dodge: Dodged            |    94 |    62 ||   156
